 Dungeon Crawl Stone Soup version 0.30-a0-965-g42e074c17a (webtiles) character file.

Game seed: 9740819973935720309

1173 coolguy69 the Sneak (level 8, -4/42 HPs)
             Began as a Vine Stalker Brigand on Mar 31, 2023.
             Killed by divine providence
             ... invoked by an orc priest
              (8 damage)
             ... on level 5 of the Dungeon.
             The game lasted 00:05:43 (3943 turns).

coolguy69 the Sneak (Vine Stalker Brigand)          Turns: 3943, Time: 00:05:44

Health: -4/42      AC: 10    Str: 17    XL:     8   Next: 41%
Magic:  0/9        EV: 12    Int: 11    God:
Gold:   311        SH:  5    Dex: 15    Spells: 7/7 levels left

rFire   + + .      SeeInvis .    a - +3 dagger
rCold   . . .      Faith    .    i - +2 buckler
rNeg    . . .      Spirit   +    g - +3 leather armour {rF+}
rPois   .          Reflect  .    (no helmet)
rElec   .          Rampage  .    c - +0 cloak
rCorr   .                        u - +1 pair of gloves
Will    +....                    n - +0 pair of boots
Stlth   +++                      (no amulet)
HPRegen 1.07/turn                l - ring of fire
MPRegen 0.11/turn                (no ring)

@: hasted, very quick
A: fangs 3, regeneration 1, magic shield, antimagic bite, no potion heal 2, cold
resistance 1, mutation resistance 1
a: no special abilities


You were on level 5 of the Dungeon.
You visited 1 branch of the dungeon, and saw 5 of its levels.

You collected 311 gold pieces.

Inventory:

Hand Weapons
 a - a +3 dagger (weapon)
 b - a +2 short sword of holy wrath
Missiles
 d - 15 poisoned darts (quivered)
 e - 3 curare-tipped darts
Armour
 c - a +0 cloak (worn)
 g - a +3 leather armour of fire resistance (worn)
 i - a +2 buckler (worn)
 n - a +0 pair of boots (worn)
 u - a +1 pair of gloves (worn)
Jewellery
 l - a ring of fire (left hand)
Scrolls
 f - 3 scrolls of identify
 j - a scroll of acquirement {unknown}
 m - 2 scrolls of noise
 o - a scroll of blinking
 p - 3 scrolls of teleportation
Potions
 h - a potion of curing
 k - a potion of resistance {unknown}


   Skills:
 + Level 4.3 Fighting
 + Level 4.2 Short Blades
 + Level 4.3 Throwing
 + Level 3.5 Dodging
 + Level 7.4 Stealth


You had 7 spell levels left.
You didn't know any spells.
Your spell library contained the following spells:

 Spells                   Type           Power      Damage    Failure   Level
 Ozocubu's Armour         Ice            0%         N/A       87%         3
 Ozocubu's Refrigeration  Ice            0%         4d7       100%        7


Dungeon Overview and Level Annotations

Branches:
Dungeon (5/15)             Temple (0/1) D:5

Altars:
Cheibriados
Kikubaaqudgha
Ru
Zin

Shops:
D:1 (   D:3 :*   D:5 *

Annotations:
D:3 2 runed translucent doors, oldplebian's ghost, amateur MfBe


Innate Abilities, Weirdness & Mutations

You have razor-sharp teeth.
Your natural rate of healing is unusually fast.
When hurt, damage is shared between your health and your magic reserves.
Your bite disrupts and absorbs the magic of your enemies.
Potions cannot restore your health.
Your flesh is cold resistant. (rC+)
You are somewhat resistant to further mutation.


Message History

No target in view!
An orc priest comes into view. It is wielding a +0 dagger.
An orc priest and an orc wizard come into view.
The orc priest shouts!
The orc wizard shouts!
You hear a shout!
An orc priest comes into view. It is wielding a +0 hand axe.
There are monsters nearby!
The orc priest shouts!
There are monsters nearby!
The orc priest mumbles some strange prayers to Beogh against you.
Pain shoots through your body!
There is an entrance to Deiwn's Neck Hole here.
There are monsters nearby!
The orc priest hits you but does no damage.
The orc priest calls down the wrath of Beogh upon you.
Beogh smites you! The orc wizard barely misses you.
There are monsters nearby!
You hit the orc priest.
The orc priest is moderately wounded.
You block the orc priest's attack.
The orc priest invokes the aid of Beogh against you.
Beogh smites you! You block the orc wizard's attack.
You are too injured to fight recklessly!
You are too injured to fight recklessly!
Unknown command.
The orc wizard attacks as you move away!
The orc wizard hits you with a +0 dagger.
The orc priest attacks as you move away!
The orc priest closely misses you.
The orc priest invokes the aid of Beogh against you.
Beogh smites you!
* * * LOW HITPOINT WARNING * * *
There is an entrance to Deiwn's Neck Hole here.
It was a potion of haste.
You feel yourself speed up.
The orc priest looks encouraged for a moment.
You hit the orc priest. You bite the orc priest. You drain its power.
You feel invigorated.
The orc priest is almost dead.
The orc priest mumbles some strange prayers to Beogh against you.
Beogh smites you!
You die...

#.##.# ##.##.# #
##..##.##### #
##..........####
#
#........#.....#
#
##...#####.....#
# ##.## ##...##
## #.# ##.## .#
#.# #@# .# ##.#
*#o#* .# #..#
*#ooo#* .# #.##
#.....# .# #.###
#.....# .# #...#
##...## †#
###.## #.###
.######...###
#.*
............#
#.*


You could see 3 orc priests and an orc wizard.

Vanquished Creatures
  2 water moccasins (D:5)
  2 ogres (D:4)
  A black bear (D:5)
  A centaur (D:5)
  5 scorpions (D:5)
  2 hounds (D:4)
  3 iguanas (D:5)
  Ijyb (D:4)
  2 orc wizards (D:5)
  6 adders
  A gnoll (D:1)
  A dart slug (D:1)
  7 orcs
  8 ball pythons
  10 endoplasms
  5 giant cockroaches
  2 goblins
  5 hobgoblins
  2 kobolds (D:2)
  4 quokkas
  2 bats (D:1)
  6 frilled lizards
  5 rats
83 creatures vanquished.

Notes
Turn   | Place    | Note
-------+----------+-------------------------------------------
     0 | D:1      | coolguy69 the Vine Stalker Brigand began the quest for the
                  | Orb.
     0 | D:1      | Reached XP level 1. HP: 11/11 MP: 2/2
    66 | D:1      | Reached skill level 1 in Dodging
    66 | D:1      | Reached XP level 2. HP: 14/15 MP: 3/3
    87 | D:1      | Reached skill level 5 in Stealth
   356 | D:1      | Reached XP level 3. HP: 10/18 MP: 2/4
   460 | D:1      | Found Dipasung's Weapon Boutique.
  1166 | D:2      | Gained mutation: Your natural rate of healing is unusually
                  | fast. [Vine Stalker growth]
  1166 | D:2      | Reached XP level 4. HP: 4/23 MP: 1/5
  1541 | D:3      | Found a sacrificial altar of Ru.
  1718 | D:3      | Found Useuhihaxa's Book Boutique.
  1736 | D:3      | Found a large runed translucent door.
  1736 | D:3      | Found a large runed translucent door.
  1738 | D:3      | Noticed oldplebian's ghost (amateur MfBe)
  1987 | D:3      | Found Ycocw's Assorted Antiques.
  2229 | D:3      | Gained mutation: Your flesh is cold resistant. (rC+)
                  | [potion of mutation]
  2229 | D:3      | Gained mutation: You are somewhat resistant to further
                  | mutation. [potion of mutation]
  2275 | D:4      | Reached XP level 5. HP: 27/27 MP: 6/6
  2297 | D:4      | Noticed Ijyb
  2346 | D:4      | Killed Ijyb
  2388 | D:4      | Found a glowing silver altar of Zin.
  2439 | D:4      | Found an ancient bone altar of Kikubaaqudgha.
  2488 | D:4      | Identified the +5 mace of the Delicate God {drain, rC++
                  | Str-5 Int+2}
  2698 | D:4      | Noticed an ogre
  2701 | D:4      | Killed an ogre
  2702 | D:4      | Reached skill level 6 in Stealth
  2702 | D:4      | Reached XP level 6. HP: 32/32 MP: 7/7
  2721 | D:4      | Found a snail-covered altar of Cheibriados.
  2959 | D:5      | Entered Level 5 of the Dungeon
  3001 | D:5      | Reached XP level 7. HP: 36/36 MP: 6/8
  3570 | D:5      | Reached skill level 7 in Stealth
  3591 | D:5      | Gained mutation: You have razor-sharp teeth. [Vine Stalker
                  | growth]
  3591 | D:5      | Reached XP level 8. HP: 27/42 MP: 9/9
  3933 | D:5      | Found Deiwn's Neck Hole.
  3941 | D:5      | HP: 2/42 [orc priest/divine providence (13)]
  3943 | D:5      | Killed from afar by an orc priest

Illustrated notes

Levels and vault maps discovered:
D:1:      minmay_arrival_stone_box, layout_basic, serial_shops,
          nicolae_shop_bloodbath_and_beyond, serial_park_tiny_pond
D:2:      layout_basic, hex_large
D:3:      layout_rooms, amcnicky_altar_gilded, serial_co_window_serial,
          co_window_paths_a, co_window_paths_b, co_window_of_opportunity_a,
          co_window_of_opportunity_a, co_window_of_opportunity_a,
          co_window_corner_a, co_window_of_opportunity_b, co_window_corner_ca,
          co_window_broadway_b, glass_columns_a, ebering_ghost_disaster_area,
          serial_shops, shop_fountains, shop
D:4:      layout_loops_ring, kiku_gazebo_pond_becter, lemuel_crystal_altar,
          mainiacjoe_overflow_surrounded_room, uniq_ijyb
D:5:      layout_loops_ring, nicolae_overflow_hidden_temple, temple_green,
          minmay_misc_feat_square, nicolae_shop_sticking_my_neck_out

Skill      XL: |  1  2  3  4  5  6  7  8 |
---------------+-------------------------+-----
Dodging        | 1 2 3 |  3.5
Throwing       | 2 3 4 |  4.3
Stealth        | 5 6 7 |  7.4
Fighting       | 2 3 4 |  4.3
Short Blades   | 2 3 4 |  4.2

Action                     |  1- 3 |  4- 6 |  7- 9 || total
---------------------------+-------+-------+-------++-------
  Melee: Dagger            |    72 |   107 |   151 ||   330
         Bite              |    16 |    34 |    41 ||    91
    Use: Potion            |     2 |     4 |     1 ||     7
         Scroll            |       |     3 |     9 ||    12
   Stab: Sleeping          |     9 |    14 |     3 ||    26
 Armour: Robe              |    19 |     1 |       ||    20
         Skin              |     2 |     5 |       ||     7
         Leather armour    |       |    22 |    56 ||    78
  Dodge: Dodged            |    34 |    40 |    65 ||   139
  Block: Buckler           |     7 |    19 |    20 ||    46

Table legend: (Time is in decaauts)
 A = Elapsed time spent in this place.
 B = Non-inter-level travel time spent in this place.
 C = Inter-level travel time spent in this place.
 D = Time resting spent in this place.
 E = Time spent auto-exploring this place.
 F = Levels seen in this place.
 G = Mean time per level.
                   A        B        C        D        E       F      G
               +--------+--------+--------+--------+--------+-----+--------+
         Total |   3918 |   3728 |    190 |    368 |   2550 |   5 |  783.6 |
       Dungeon |   3918 |   3728 |    190 |    368 |   2550 |   5 |  783.6 |
               +--------+--------+--------+--------+--------+-----+--------+

Top non-repeatable levels by time:
     D:5: 971 daAuts
     D:2: 786 daAuts
     D:1: 740 daAuts
     D:3: 730 daAuts
     D:4: 688 daAuts
